 Dungeon Crawl Stone Soup version 0.29-a0-791-ga0f254aafb (webtiles) character file.

Game seed: 2246714154849213347

49 Malachi the Trooper (level 3, -3/30 HPs)
             Began as a Demonspawn Brigand on July 3, 2022.
             Killed by divine providence
             ... invoked by an orc priest
              (10 damage)
             ... on level 2 of the Dungeon.
             The game lasted 00:01:13 (1254 turns).

Malachi the Trooper (Demonspawn Brigand)            Turns: 1254, Time: 00:01:14

Health: -3/30      AC:  3    Str: 11    XL:     3   Next: 51%
Magic:  3/3        EV: 11    Int: 12    God:
Gold:   49         SH:  0    Dex: 16    Spells: 2/2 levels left

rFire   . . .      SeeInvis .   a - +2 dagger
rCold   . . .      Faith    .   (no shield)
rNeg    . . .      Spirit   .   b - +0 robe
rPois   .          Reflect  .   (no helmet)
rElec   .          Harm     .   c - +0 cloak
rCorr   .          Rampage  .   (no gloves)
Will    .....                   (no boots)
Stlth   +++.......              (no amulet)
HPRegen 0.10/turn               (no ring)
MPRegen 0.08/turn               (no ring)

@: no status effects
A: weakness stinger 1
a: no special abilities


You were on level 2 of the Dungeon.
You visited 1 branch of the dungeon, and saw 2 of its levels.

You collected 49 gold pieces.

Inventory:

Hand Weapons
 a - a +2 dagger (weapon)
Missiles
 d - 15 poisoned darts (quivered)
 e - 3 curare-tipped darts
Armour
 b - a +0 robe (worn)
 c - a +0 cloak (worn)
Scrolls
 g - a scroll of fog {unknown}
Potions
 f - a potion of haste {unknown}
 h - a potion of curing {unknown}


   Skills:
 * Level 4.0 Fighting
 - Level 1.7 Short Blades
 - Level 1.7 Throwing
 - Level 0.8 Dodging
 - Level 3.6 Stealth


You had 2 spell levels left.
You didn't know any spells.
Your spell library was empty.

Dungeon Overview and Level Annotations

Branches:
Dungeon (1/15)

Altars:
Ru

Shops:
D:2 ?


Innate Abilities, Weirdness & Mutations

You have a small tail.


Message History

You start waiting.
Done waiting.
You see here a +0 dagger.
An orc is nearby!
An orc is nearby!
An orc is nearby!
An orc priest and an orc come into view.
You strike the helpless orc from behind!
You puncture the orc!
You kill the orc!
The orc shouts!
The orc priest shouts!
You hit the orc but do no damage.
The orc priest hits you from afar with a +0 trident!
The orc closely misses you.
You hit the orc.
The orc is heavily wounded.
The orc priest hits you from afar with a +0 trident!
The orc barely misses you.
You hit the orc but do no damage. You tail-slap the orc.
The orc is severely wounded.
The orc priest hits you but does no damage.
The orc hits you with a +0 mace.
You are too injured to fight recklessly!
You are too injured to fight recklessly!
You hit the orc but do no damage. You tail-slap the orc.
The orc is almost dead.
The orc priest hits you from afar with a +0 trident.
The orc closely misses you.
You hit the orc.
You kill the orc!
Your Fighting skill increases to level 4!
The orc priest hits you with a +0 trident.
* * * LOW HITPOINT WARNING * * *
Things that are here:
a +0 mace; a +0 ring mail; a fizzy inky potion You hit the orc priest but do no damage.
The orc priest calls down the wrath of Beogh upon you.
Beogh smites you!
You die...

#..#..###...## #....
##....##...## #.... ##..###..##
###.. #...##..# ##. # #.#.....#
##### ## #.## #....#.## #..(# #
#...#####....#.# #...# #
#.........o#.#######...# ##
#<.#.....@.....#.....# #.
###....##....).#...#...####)
#.<..#####...#.#..##........
#####.#..# ####.......##[.......
#.......####..........#####.....
#.....### #..##.###...## #...##
##.....# ###.###.# ##...# #...#
.......###...# #.# #...####...#
...._......### #.# ##..<..######


You could see an orc priest.

Vanquished Creatures
  3 adders (D:2)
  2 orcs (D:2)
  5 bats (D:2)
  2 endoplasms (D:2)
  2 hobgoblins (D:2)
  2 quokkas (D:2)
  A ball python (D:1)
  2 kobolds (D:2)
  2 rats (D:2)
21 creatures vanquished.

Notes
Turn   | Place    | Note
-------+----------+-------------------------------------------
     0 | D:1      | Malachi the Demonspawn Brigand began the quest for the Orb.
     0 | D:1      | Reached XP level 1. HP: 16/16 MP: 1/1
    29 | D:1      | You fall into a shaft and drop 1 floor!
    86 | D:2      | Reached skill level 3 in Fighting
    86 | D:2      | Gained mutation: You have a small tail. [demonic ancestry]
    86 | D:2      | Reached XP level 2. HP: 5/24 MP: 2/2
   325 | D:2      | Found Hohi Yqa's Magic Scroll Boutique.
   469 | D:2      | Found a sacrificial altar of Ru.
   659 | D:2      | Reached XP level 3. HP: 19/29 MP: 3/3
  1253 | D:2      | Reached skill level 4 in Fighting
  1254 | D:2      | Killed from afar by an orc priest

Illustrated notes

Levels and vault maps discovered:
D:1:      eino_arrival_cavern_b, layout_loops_corners,
          nicolae_concentric_dashed_squares_wild, dreamdust_wishing_well,
          st_stairs_11, reono_crystal_passage, grunt_decor_clamped,
          amcnicky_mini_corridor_feature
D:2:      layout_rooms, basic_altar, serial_shops, shop, eino_curves_03,
          nicolae_elevator_lobby_asterisk

Skill      XL: |  1  2  3 |
---------------+----------+-----
Fighting       | 3 4 |  4.0
Short Blades   | |  1.7
Throwing       | |  1.7
Dodging        | |  0.8
Stealth        | |  3.6

Action                   || total
-------------------------++-------
Melee: Dagger            ||    76
       Tailslap          ||     6
 Stab: Sleeping          ||     3
       Distracted        ||     1
Armor: Robe              ||    23
Dodge: Dodged            ||    50

Table legend: (Time is in decaauts)
 A = Elapsed time spent in this place.
 B = Non-inter-level travel time spent in this place.
 C = Inter-level travel time spent in this place.
 D = Time resting spent in this place.
 E = Time spent auto-exploring this place.
 F = Levels seen in this place.
 G = Mean time per level.
                   A        B        C        D        E       F      G
               +--------+--------+--------+--------+--------+-----+--------+
         Total |   1248 |   1248 |      0 |    705 |    368 |   2 |  624.0 |
       Dungeon |   1248 |   1248 |      0 |    705 |    368 |   2 |  624.0 |
               +--------+--------+--------+--------+--------+-----+--------+

Top non-repeatable levels by time:
     D:2: 1218 daAuts
     D:1: 30 daAuts
